 Dungeon Crawl Stone Soup version 0.31.0-11-ge490571c62 (webtiles) character file.

Game seed: 8769516673622138183

232 SnakkuSnakku7 the Cudgeller (level 5, -2/41 HPs)
             Began as an Armataur Hedge Wizard on Jan 27, 2024.
             Slain by Crazy Yiuf
             ... wielding a +3 quarterstaff of chaos
              (8 damage)
             ... on level 3 of the Dungeon.
             The game lasted 00:04:01 (3481 turns).

SnakkuSnakku7 the Cudgeller (Armataur Hedge Wizard) Turns: 3481, Time: 00:04:02

Health: -2/41      AC:  7    Str: 17    XL:     5   Next: 73%
Magic:  9/9        EV:  9    Int: 15    God:
Gold:   177        SH:  0    Dex:  9    Spells: 8/9 levels left

rFire   . . .        x - +4 club
rCold   . . .        (no shield)
rNeg    + . .        w - +2 robe {rN+}
rPois   .            z - +0 helmet
rElec   .            (no cloak)
rCorr   .            (no gloves)
SInv    .            (no barding)
Will    .....        (no amulet)
Stlth   ++           (no ring)
HPRegen 0.26/turn    (no ring)
MPRegen 0.11/turn

%: roll
@: lethally poisoned (-2 -> -4)
A: large, deformed body, tough skin 3, armoured tail, roll 1
a: no special abilities


You were on level 3 of the Dungeon.
You visited 1 branch of the dungeon, and saw 3 of its levels.

You collected 177 gold pieces.

Inventory:

Hand Weapons
 a - a +0 mace
 e - a +0 short sword
 f - a +0 spear
 q - a +0 dagger
 x - a +4 club (weapon)
Armour
 b - a +0 robe
 c - a +0 hat
 w - a +2 robe of positive energy (worn)
 y - a +1 leather armour of poison resistance
 z - a +0 helmet (worn)
Wands
 v - a wand of flame (34)
Scrolls
 h - a scroll of poison {unknown}
 i - 3 scrolls of identify {unknown}
 j - 2 scrolls of fog {unknown}
 k - 2 scrolls of noise {unknown}
 l - 2 scrolls of vulnerability {unknown}
 m - 2 scrolls of amnesia {unknown}
 n - a scroll of enchant weapon {unknown}
 s - a scroll of blinking {unknown}
Potions
 d - a potion of magic
 g - a potion of enlightenment {unknown}
 o - 2 potions of curing {unknown}
 p - 2 potions of mutation {unknown}
 r - 2 potions of invisibility {unknown}
 t - a potion of lignification {unknown}
 u - a potion of heal wounds {unknown}
 A - a potion of berserk rage {unknown}


   Skills:
 - Level 2.2 Fighting
 + Level 4.4 Maces & Flails
 - Level 1.3 Dodging
 - Level 2.1 Stealth
 - Level 2.6 Spellcasting
 - Level 0.8 Conjurations
 - Level 0.7 Summonings
 - Level 1.0 Translocations


You had 8 spell levels left.
You knew the following spells:

 Your Spells              Type           Power      Damage    Failure   Level
a - Magic Dart            Conj           16%        1d3       14%         1

Your spell library contained the following spells:

 Spells                   Type           Power      Damage    Failure   Level
 Slow                     Hex            8%         N/A       21%         1
 Blink                    Tloc           10%        N/A       21%         2
 Call Imp                 Summ           8%         N/A       24%         2
 Cigotuvi's Dreadful Rot  Necr/Alch/Air  4%         N/A       30%         2
 Sublimation of Blood     Necr           2%         N/A       30%         2
 Mephitic Cloud           Conj/Alch/Air  2%         N/A       50%         3
 Petrify                  Alch/Erth      2%         N/A       90%         4
 Irradiate                Conj/Alch      1%         3d12      99%         5


Dungeon Overview and Level Annotations

Branches:
Dungeon (3/15)

Altars:
Okawaru

Shops:
D:1 [

Annotations:
D:3 Crazy Yiuf


Innate Abilities, Weirdness & Mutations

Armour fits poorly on your strangely shaped body.
You have extremely tough skin. (AC +3)
You have a long armoured tail.
You regenerate magic when rolling toward enemies. (Rampage MPRegen)


Message History

There is an open door here.
There is an open door here.
There is an open door here.
Crazy Yiuf shouts!
Press: ? - help, v - describe, . - travel
Here: Crazy Yiuf, wielding a +3 quarterstaff of chaos and wearing a +0 cloak of poison resistance (fire blocked by a runed translucent door)
The floor.
You open the door.
You roll towards Crazy Yiuf!
You barely miss Crazy Yiuf.
You tail-slap Crazy Yiuf, but do no damage.
Crazy Yiuf barely misses you.
You hit Crazy Yiuf but do no damage.
Crazy Yiuf hits you with a +3 quarterstaff of chaos.
You are poisoned.
You barely miss Crazy Yiuf.
You feel sick.
Crazy Yiuf twirls on the spot.
Crazy Yiuf closely misses you.
You hit Crazy Yiuf.
Your tail-slap misses Crazy Yiuf.
Crazy Yiuf is moderately wounded.
You feel sick.
Crazy Yiuf hits you with a +3 quarterstaff of chaos.
You are electrocuted!
Crazy Yiuf barely misses you.
You barely miss Crazy Yiuf.
Crazy Yiuf is moderately wounded.
You feel sick.
Crazy Yiuf grits, "Ten!"
Crazy Yiuf barely misses you.
You hit Crazy Yiuf but do no damage.
Crazy Yiuf is moderately wounded.
You feel sick.
Crazy Yiuf hits you with a +3 quarterstaff of chaos.
* * * LOW HITPOINT WARNING * * *
Crazy Yiuf burns you.
* * * LOW HITPOINT WARNING * * *
Okay, then.
You barely miss Crazy Yiuf.
Crazy Yiuf is moderately wounded.
You feel sick.
Crazy Yiuf hits you with a +3 quarterstaff of chaos!
You die...

.#.....#...>................#
##.....####..........############
...##### #......................
...# #############.......... ...#
#.......... ...# ###♣♣♣♣♣
#.......... ...####....♣.♣♣♣ ####
#...)...... ....##....P.♣..♣#...#
#.......... ..........P♣♣♣♣.@g..#
#.......... ...###....♣♣ ♣♣#..)#
#.......... ...# ####♣♣ ####
########### ...# ...# ...# ####


You could see Crazy Yiuf.

Vanquished Creatures
  Jessica (D:2)
  Ijyb (D:3)
  Robin (D:3)
  An adder (D:2)
  8 gnolls
  6 dart slugs
  A ribbon worm (D:3)
  3 endoplasms (D:1)
  5 giant cockroaches
  16 goblins
  6 hobgoblins
  2 jackals (D:1)
  4 kobolds
  3 ball pythons
  5 bats
  6 frilled lizards
  4 rats
73 creatures vanquished.

Notes
Turn   | Place    | Note
-------+----------+-------------------------------------------
     0 | D:1      | SnakkuSnakku7 the Armataur Hedge Wizard began the quest for
                  | the Orb.
     0 | D:1      | Reached XP level 1. HP: 14/14 MP: 4/4
    41 | D:1      | Found Uxkiodaz's Antique Armour Shop.
    63 | D:1      | Reached skill level 1 in Fighting
   127 | D:1      | Found a faded altar of an unknown god.
   163 | D:1      | Reached XP level 2. HP: 17/23 MP: 5/5
   660 | D:1      | Reached XP level 3. HP: 13/29 MP: 7/7
   841 | D:2      | Reached skill level 1 in Maces & Flails
  1358 | D:2      | Reached skill level 2 in Maces & Flails
  1395 | D:2      | Reached XP level 4. HP: 22/36 MP: 8/8
  1478 | D:2      | Noticed Jessica
  1487 | D:2      | Killed Jessica
  1488 | D:2      | Reached skill level 3 in Maces & Flails
  1985 | D:3      | Noticed Ijyb
  2005 | D:3      | Killed Ijyb
  2006 | D:3      | Reached XP level 5. HP: 28/41 MP: 9/9
  2204 | D:3      | Noticed Robin
  2244 | D:3      | Killed Robin
  2260 | D:3      | Reached skill level 4 in Maces & Flails
  2407 | D:3      | Found an iron altar of Okawaru.
  3327 | D:3      | Found a runed translucent door.
  3328 | D:3      | Noticed Crazy Yiuf
  3481 | D:3      | Slain by Crazy Yiuf

Illustrated notes

Levels and vault maps discovered:
D:1:      roderic_dead_forest, layout_loops_cross, serial_shops, shop,
          shapermc_ecumenical_altar_venn
D:2:      layout_loops_corners, serial_bayou, serial_bayou_pond_d,
          serial_bayou_pond_c, serial_bayou_pond_b, serial_bayou_shore_a,
          serial_bayou_pond_d, serial_bayou_shore_b, uniq_jessica
D:3:      layout_basic, mainiacjoe_overflow_chevrons, uniq_ijyb, uniq_robin,
          uniq_crazy_yiuf_cottage

Skill      XL: |  1  2  3  4  5 |
---------------+----------------+-----
Fighting       | 1 2 |  2.2
Maces & Flails | 2 3 4 |  4.4
Dodging        | |  1.3
Stealth        | |  2.1
Spellcasting   | |  2.6
Conjurations   | |  0.8
Summonings     | |  0.7
Translocations | |  1.0

Action                     |  1- 3 |  4- 6 || total
---------------------------+-------+-------++-------
  Melee: Dagger            |    22 |       ||    22
         Spear             |    42 |       ||    42
         Tailslap          |    14 |    14 ||    28
         Mace              |    54 |    14 ||    68
         Punch             |     1 |     1 ||     2
         Club              |       |   119 ||   119
   Stab: Sleeping          |     9 |     2 ||    11
 Armour: Robe              |    98 |   118 ||   216
  Dodge: Dodged            |    49 |    80 ||   129
